 Dungeon Crawl Stone Soup version 0.17-a0-1830-g81820eb (webtiles) character file.

30763 dpvblackbelt the Grappler (level 13, -9/124 HPs)
             Began as a Naga Transmuter on Sept 14, 2015.
             Was the Champion of Cheibriados.
             Mangled by a komodo dragon (20 damage)
             ... on level 6 of the Lair of Beasts.
             The game lasted 01:11:54 (18577 turns).

dpvblackbelt the Grappler (Naga Transmuter)        Turns: 18577, Time: 01:11:54

Health: -9/124     AC: 16    Str: 28    XL:     13   Next: 53%
Magic:  15/19      EV: 11    Int: 29    God:    Cheibriados [******]
Gold:   1179       SH:  0    Dex: 29    Spells: 3 memorised, 7 levels left

rFire  . . .     SeeInvis +       - Unarmed
rCold  . . .     Clarity  .     T - +0 steam dragon armour
rNeg   + . .     SustAt   .     (shield currently unavailable)
rPois  +         Gourm    .     C - +2 helmet
rElec  .         Spirit   .     e - +1 cloak
rCorr  .         Warding  +     (gloves currently unavailable)
rMut   .         Stasis   .     (no barding)
MR     +....                    I - amulet of warding
Stlth  +++++.....               z - +5 ring of protection
                                U - ring of stealth

@: about to teleport, blade hands, very slow, somewhat resistant to hostile
enchantments, quite stealthy
A: see invisible, deformed body, poison resistance, slowness 2, slow metabolism
1, spit poison 3, weak 1, constrict 1, AC +4
a: Breathe Poison Gas, End Transformation, Bend Time, Temporal Distortion,
Slouch, Step From Time, Renounce Religion


You were on level 6 of the Lair of Beasts.
You worshipped Cheibriados.
Cheibriados was exalted by your worship.
You were hungry.
You had blades for hands.
You visited 3 branches of the dungeon, and saw 15 of its levels.

You collected 1179 gold pieces.

Inventory:

Hand weapons
 a - a +3 dagger of piercing
 h - a +0 whip
Missiles
 f - 20 arrows
Armour
 e - a +1 cloak (worn)
 C - a +2 helmet (worn)
 F - a +2 pair of gloves (melded)
 R - a +0 shield
 T - a +0 steam dragon armour (worn)
Jewellery
 w - an uncursed ring of protection from cold
 z - a +5 ring of protection (right scythe-like blade)
 I - an amulet of warding (around neck)
 K - a +2 ring of evasion
 U - a ring of stealth (left scythe-like blade)
 Y - an uncursed ring of protection from cold
Magical devices
 i - a wand of fire (8)
 P - a wand of disintegration (13)
 Q - a wand of paralysis (11)
Scrolls
 g - 2 scrolls of teleportation
 j - a scroll of summoning
 o - 6 scrolls of identify
 q - 2 scrolls of amnesia
 s - a scroll of random uselessness
 v - 3 scrolls of remove curse
 x - a scroll of fog
 A - 2 scrolls of enchant weapon
 E - 4 scrolls of recharging
Potions
 b - a potion of degeneration {unknown}
 k - 2 potions of mutation
 l - 2 potions of flight
 n - a potion of invisibility
 r - 3 potions of curing
 G - a potion of brilliance
Books
 c - a book of Changes

   Spells                             Type                      Level
   a - Beastly Appendage              Transmutation                1
   b - Sticks to Snakes               Transmutation                2
   c - Spider Form                    Transmutation/Poison         3
   d - Ice Form                       Ice/Transmutation            4
   e - Blade Hands                    Transmutation                5
 p - a book of Air

   Spells                             Type                      Level
   a - Shock                          Conjuration/Air              1
   b - Swiftness                      Charms/Air                   2
   c - Repel Missiles                 Charms/Air                   2
   d - Static Discharge               Conjuration/Air              3
   e - Lightning Bolt                 Conjuration/Air              5
 D - a book of Battle

   Spells                             Type                      Level
   a - Infusion                       Charms                       1
   b - Shroud of Golubria             Charms/Translocation         2
   c - Song of Slaying                Charms                       2
   d - Spectral Weapon                Hexes/Charms                 3
   e - Regeneration                   Charms/Necromancy            3
 X - a book of Hinderance

   Spells                             Type                      Level
   a - Confusing Touch                Hexes                        2
   b - Confuse                        Hexes                        3
   c - Gell's Gravitas                Hexes/Translocation          3
   d - Petrify                        Transmutation/Earth          4
   e - Metabolic Englaciation         Hexes/Ice                    5
Comestibles
 d - 10 bread rations
 m - 10 meat rations
 t - 36 fruits
 O - 7 slices of pizza
 Z - a beef jerky


   Skills:
 - Level 10.7 Fighting
 - Level 1.5 Dodging
 - Level 4.0 Stealth
 - Level 12.1 Unarmed Combat
 - Level 2.0 Spellcasting
 - Level 11.8 Transmutations
   Level 4.4 Ice Magic
 - Level 6.4 Poison Magic
 + Level 8.8 Evocations


You had 7 spell levels left.
You knew the following spells:

 Your Spells              Type           Power        Failure   Level  Hunger
a - Beastly Appendage     Trmt           ######       8%          1    None
b - Spider Form           Trmt/Pois      ######....   14%         3    ###....
d - Blade Hands           Trmt           ######....   21%         5    ######.


Dungeon Overview and Level Annotations

Branches:
Dungeon (8/15)             Temple (1/1) D:7            Lair (6/8) D:8
  Swamp (0/4) Lair:6
  Snake: Lair:3-6    Spider: Lair:3-6     Slime: Lair:6-8

Altars:
Cheibriados
Dithmenos
Elyvilon
Fedhas
Kikubaaqudgha
Nemelex Xobeh
Ru
Sif Muna
Vehumet
Xom
Zin
The Shining One

Shops:
D:2 *   D:7 %

Annotations:
D:6 exclusion: oklob plant, Menkaure
D:8 Psyche; Rayvis's ghost, experienced MiFi


Innate Abilities, Weirdness & Mutations

You cannot wear boots.
Your serpentine skin is tough (AC +4).
You have supernaturally acute eyesight.
Armour fits poorly on your strangely shaped body.
Your system is resistant to poisons.
You cover ground very slowly.
You have a slow metabolism.
You can exhale a cloud of poison.
You can use your snake-like lower body to constrict enemies.
You are weak. (Str -2)


Message History

The yak gores you. The komodo dragon bites you!
You slash the yak!
The yak is moderately wounded.
You constrict the yak. The komodo dragon bites you!
The komodo dragon bites you but does no damage.
The yak barely misses you.
You slash the yak!
The yak is severely wounded.
You constrict the yak. The komodo dragon closely misses you.
The komodo dragon bites you!
* * * LOW HITPOINT WARNING * * *
The komodo dragon bites you but does no damage.
The yak closely misses you.
Read which item? (? for menu, Esc to quit)
As you read the scroll of teleportation, it crumbles to dust.
You feel strangely unstable.
You constrict the yak. The komodo dragon closely misses you.
The komodo dragon bites you!
* * * LOW HITPOINT WARNING * * *
The komodo dragon bites you!!
You die...

# ##....# ..>
...... ..#. #...P##
#...##.....
.....#...P#
..........#
!.....l...#
##.#...#..l@..#
#.....##...Yl..#
#..........#....#
.........# ##...#
........####....#
........#.......#
................###
..................#
................###


You could see 3 komodo dragons and a yak.

Vanquished Creatures
  2 hydras
  4 death yaks
  A swamp dragon (Lair:6)
  Pikel (D:5)
  A griffon (Lair:6)
  6 black mambas
  11 spiny frogs
  3 komodo dragons
  5 fire drakes
  A polar bear (Lair:6)
  Prince Ribbit (D:5)
  A bog body (Lair:6)
  18 blink frogs
  Sigmund (D:3)
  22 yaks
  3 wyverns
  Eustachio (D:5)
  A deep elf fighter (D:7)
  A steam dragon (Lair:2)
  6 hippogriffs
  14 water moccasins
  23 wolves
  4 black bears
  A sky beast (D:6)
  An orc warrior (D:8)
  2 ice beasts (D:8)
  10 porcupines
  A phantom (D:6)
  2 centaurs (D:7)
  An ogre (D:8)
  9 crocodiles
  A big kobold (D:7)
  10 giant frogs
  A gnoll sergeant (D:7)
  4 wights (D:6)
  5 hounds
  A crimson imp (D:8)
  3 electric eels
  5 jellies
  A giant frog zombie (D:7)
  An orc priest (D:7)
  10 orc wizards
  5 worker ants
  2 centaur skeletons
  11 iguanas
  14 sheep
  A hound zombie (D:5)
  6 gnolls (D:7)
  Robin (D:4)
  62 river rats
  A worker ant zombie (D:5)
  7 adders
  An ooze (D:4)
  An adder skeleton (D:7)
  5 worms
  21 orcs
  6 giant cockroaches
  15 hobgoblins
  16 jackals
  16 kobolds
  A quokka (D:4)
  A ball python (D:2)
  9 bats
  4 giant newts
  13 goblins
  A jackal skeleton (D:5)
  8 rats
  2 fungi
430 creatures vanquished.

Vanquished Creatures (others)
  2 slaves (D:5)
  An adder (D:5)
  2 jackals (D:5)
  23 fungi
  13 plants
41 creatures vanquished.

Grand Total: 471 creatures vanquished

Notes
Turn   | Place    | Note
--------------------------------------------------------------
     0 | D:1      | dpvblackbelt the Naga Transmuter began the quest for the Orb.
     0 | D:1      | Reached XP level 1. HP: 18/18 MP: 3/3
    97 | D:1      | Reached skill level 1 in Stealth
   320 | D:1      | Reached XP level 2. HP: 23/25 MP: 5/5
  1002 | D:1      | Reached skill level 4 in Stealth
  1053 | D:2      | Found Zin's Purification Station.
  1053 | D:2      | Found a glowing silver altar of Zin.
  1079 | D:2      | Reached XP level 3. HP: 31/31 MP: 6/6
  1601 | D:2      | Learned a level 3 spell: Spider Form
  1846 | D:2      | Reached XP level 4. HP: 24/38 MP: 7/7
  2853 | D:3      | Noticed Sigmund
  2865 | D:3      | Killed Sigmund
  2865 | D:3      | Reached skill level 5 in Poison Magic
  2865 | D:3      | Reached XP level 5. HP: 32/44 MP: 8/8
  2865 | D:3      | Reached XP level 6. HP: 37/51 MP: 9/9
  3096 | D:4      | Noticed Robin
  3339 | D:4      | Killed Robin
  3830 | D:3      | Reached skill level 6 in Poison Magic
  4157 | D:4      | Reached XP level 7. HP: 53/57 MP: 10/10
  4565 | D:5      | Entered Level 5 of the Dungeon
  4821 | D:5      | Learned a level 4 spell: Ice Form
  4840 | D:5      | Noticed Eustachio
  4855 | D:5      | Killed Eustachio
  5114 | D:5      | Noticed Pikel
  5125 | D:5      | Killed Pikel
  5125 | D:5      | Reached XP level 8. HP: 68/73 MP: 11/11
  5422 | D:5      | Noticed Prince Ribbit
  5459 | D:5      | Killed Prince Ribbit
  5459 | D:5      | Reached skill level 5 in Fighting
  5459 | D:5      | Reached skill level 7 in Unarmed Combat
  5895 | D:6      | Reached skill level 1 in Ice Magic
  5905 | D:6      | Reached XP level 9. HP: 67/81 MP: 9/12
  6182 | D:6      | Found a deep blue altar of Sif Muna.
  6182 | D:6      | Noticed an oklob plant
  6752 | D:6      | Reached skill level 5 in Transmutations
  7142 | D:7      | Noticed Menkaure
  7573 | D:7      | Found a radiant altar of Vehumet.
  7602 | D:7      | Found a glowing golden altar of the Shining One.
  7961 | D:7      | Found Doimmaas's Food Shoppe.
  8279 | D:7      | Reached skill level 8 in Transmutations
  8501 | D:7      | Found a staircase to the Ecumenical Temple.
  8604 | D:8      | Found a staircase to the Lair.
  8605 | D:8      | Noticed a fire drake
  8647 | D:8      | Killed a fire drake
  8647 | D:8      | Reached XP level 10. HP: 58/88 MP: 13/13
  8650 | D:8      | Noticed Psyche
  8786 | D:8      | Noticed Rayvis's ghost (experienced MiFi)
  8801 | D:8      | HP: 4/105 [Rayvis's ghost (24)]
  9167 | Temple   | Entered the Ecumenical Temple
  9216 | Temple   | Became a worshipper of Cheibriados the Contemplative
  9429 | D:8      | Reached skill level 9 in Transmutations
  9468 | D:8      | Found a deep blue altar of Sif Muna.
  9550 | D:8      | Learned a level 5 spell: Blade Hands
  9804 | D:8      | Found a sacrificial altar of Ru.
 10042 | Lair:1   | Entered Level 1 of the Lair of Beasts
 10427 | Lair:1   | Acquired Cheibriados's first power
 10588 | Lair:1   | Reached skill level 10 in Transmutations
 11454 | Lair:1   | Reached skill level 11 in Transmutations
 11930 | Lair:2   | Reached XP level 11. HP: 82/96 MP: 11/14
 12116 | Lair:2   | Acquired Cheibriados's second power
 12508 | Lair:2   | Reached skill level 10 in Unarmed Combat
 12760 | Lair:2   | Acquired Cheibriados's third power
 14165 | Lair:3   | Gained mutation: You are weak. (Str -2) [potion of mutation]
 14165 | Lair:3   | Gained mutation: You can exhale a cloud of poison. [potion of mutation]
 14178 | Lair:3   | Reached XP level 12. HP: 100/104 MP: 9/15
 14179 | Lair:3   | Acquired Cheibriados's fourth power
 14719 | Lair:4   | Noticed a death yak
 14719 | Lair:4   | Noticed a death yak
 14719 | Lair:4   | Noticed a death yak
 14724 | Lair:4   | Killed a death yak
 14726 | Lair:4   | Killed a death yak
 14729 | Lair:4   | Killed a death yak
 15389 | Lair:4   | Reached skill level 10 in Fighting
 15910 | Lair:4   | Reached skill level 12 in Unarmed Combat
 16310 | Lair:5   | HP: 5/117 [blink frog (13)]
 16589 | Lair:5   | Reached skill level 1 in Evocations
 16815 | Lair:5   | Gained mutation: You can use your snake-like lower body to constrict enemies. [Naga growth]
 16815 | Lair:5   | Reached XP level 13. HP: 90/124 MP: 8/16
 16948 | Lair:5   | Reached skill level 5 in Evocations
 16990 | Lair:5   | Noticed a seven-headed hydra
 16995 | Lair:5   | Killed a seven-headed hydra
 17918 | Lair:6   | Found a staircase to the Swamp.
 18577 | Lair:6   | Mangled by a komodo dragon

Vault maps used:
D:1:      dpeg_arrival_snail
D:2:      zin_purify, serial_forest, infiniplex_forest_straight_2,
          infiniplex_forest_corner_1, infiniplex_forest_end_1,
          infiniplex_forest_corner_1, infiniplex_forest_end_1,
          infiniplex_forest_lined_ring, infiniplex_forest_lined_4_way
D:3:      uniq_sigmund
D:4:      columned_hall_lemuel, kennysheep_windowed_goal, uniq_robin
D:5:      first_bread, uniq_pikel, uniq_eustachio, uniq_prince_ribbit1
D:6:      hangedman_glass_teeth, dk_noncrumbling_2, lemuel_oklob_altar
D:7:      vehumet_crystals, tso_altar, minmay_temple_entry_purple_smoke,
          serial_shops, nicolae_shop_trees, st_stairs_11,
          guppyfry_early_elven_hall, uniq_menkaure
D:8:      boulder_corridor_run, nicolae_overflow_hidden_temple,
          overflow_temple_1_default, minmay_lair_entry_lava, enter_bailey_8,
          grunt_pizzeria, uniq_psyche
Temple:   minmay_crystal_spiral_temple_12
Lair:2:   lab_entry_generic, bobbens_dragon_lair_wall, lemuel_fruit_fields
Lair:3:   gammafunk_lair_bear_cave, lemuel_fruit_fields
Lair:4:   lemuel_fruit_fields
Lair:5:   lemuel_fruit_fields, grunt_megastairs_2, serial_bayou_shore_a
Lair:6:   kennysheep_rathole, minmay_swamp_entry_reptiles,
          spider_nest_entry_webs, beast_lair_carwin_4, grunt_megastairs_4,
          lemuel_fruit_tree

Action                   |  1- 3 |  4- 6 |  7- 9 | 10-12 | 13-15 || total
-------------------------+-------+-------+-------+-------+-------++-------
Melee: Unarmed           |    11 |       |    56 |   609 |    98 ||   774
       Dagger            |    89 |   162 |   378 |    55 |       ||   684
Throw: Javelin           |     3 |       |    13 |     1 |       ||    17
 Cast: Spider Form       |       |     1 |     1 |       |       ||     2
       Ice Form          |       |       |     1 |     1 |       ||     2
       Blade Hands       |       |       |       |    42 |     6 ||    48
 Abil: Spit Poison       |    15 |    17 |    33 |    12 |       ||    77
       Breathe Poison Ga |       |       |       |     3 |       ||     3
Evoke: Wand              |       |       |       |     3 |     5 ||     8
  Use: Scroll            |       |     2 |     1 |    23 |     3 ||    29
       Potion            |       |       |     1 |    14 |     3 ||    18
 Stab: Sleeping          |     3 |     2 |     6 |    19 |     2 ||    32
       Distracted        |       |     2 |       |     1 |     1 ||     4
  Eat: Chunk             |     3 |     7 |    11 |    12 |     4 ||    37
       Beef jerky        |       |       |     2 |     2 |       ||     4
       Bread ration      |       |       |       |     3 |       ||     3
       Pizza             |       |       |       |     2 |       ||     2
       Meat ration       |       |       |       |     1 |       ||     1
       Fruit             |       |       |       |     1 |       ||     1
